 Dungeon Crawl Stone Soup version 0.17-a0-1831-gaadb308 (webtiles) character file.

17187 HAL9000 the Carver (level 12, 0/85 HPs)
             Began as a Demonspawn Chaos Knight on Sept 14, 2015.
             Slain by a ghost moth (15 damage)
             ... on level 4 of the Lair of Beasts.
             The game lasted 00:49:51 (17809 turns).

HAL9000 the Carver (Demonspawn Chaos Knight)       Turns: 17809, Time: 00:49:51

Health: 0/85       AC: 17    Str: 13 (15) XL:     12   Next: 16%
Magic:  0/15       EV: 12    Int: 22      God:    Xom [*.....]
Gold:   2077       SH: 11    Dex: 15 (16) Spells: 0 memorised, 11 levels left

rFire  . . .     SeeInvis .     X - +1 scimitar
rCold  . . .     Clarity  +     b - +3 leather armour
rNeg   . . .     SustAt   .     T - +0 shield
rPois  +         Gourm    .     (helmet unavailable)
rElec  +         Spirit   .     H - +1 cloak
rCorr  .         Warding  .     U - +0 pair of gloves
rMut   .         Stasis   .     (no boots)
MR     ++...                    (no amulet)
Stlth  +.........               R - ring of protection from cold
                                O - ring of Enwa {god gift, rPois rC- MR+ Int+5}

@: very resistant to hostile enchantments, very unstealthy
A: claws 1, horns 3, talons 1, rough black scales 2, agile 2, blink, clarity,
clever 1, demonic guardian 2, deterioration 1, frail 1, magic resistance 1,
electricity resistance, rot immunity
a: Blink, Renounce Religion


You were on level 4 of the Lair of Beasts.
You worshipped Xom.
You were a special plaything of Xom.
You were very hungry.

You visited 2 branches of the dungeon, and saw 14 of its levels.

You collected 2077 gold pieces.

Inventory:

Hand weapons
 X - a +1 scimitar (weapon)
Armour
 b - a +3 leather armour (worn)
 H - a +1 cloak (worn)
 T - a +0 shield (worn)
 U - a +0 pair of gloves (worn)
Jewellery
 p - an uncursed amulet of stasis
 u - an uncursed ring of wizardry
 x - an uncursed ring of wizardry
 F - a cursed ring of sustain attributes
 O - the ring of Enwa (left hand) {god gift, rPois rC- MR+ Int+5}
   (Xom gifted it to you on level 8 of the Dungeon)

   [ring of protection from magic]

   It affects your intelligence (+5).
   It makes you vulnerable to cold.
   It protects you from poison.
   It affects your resistance to hostile enchantments.
 R - a ring of protection from cold (right hand)
Magical devices
 r - a wand of fireball (2)
 A - a wand of slowing (25)
 B - a wand of teleportation (0)
 I - a wand of disintegration (0)
 Q - a wand of digging (20)
 Z - a wand of digging (7)
Scrolls
 f - 5 scrolls of enchant armour
 s - a scroll of recharging
 t - a scroll of blinking
 w - 5 scrolls of remove curse
 M - 2 scrolls of identify
 N - 5 scrolls of enchant weapon
 V - 2 scrolls of amnesia
 W - 2 scrolls of fog
Potions
 C - 2 potions of haste
 D - 2 potions of curing
 G - a potion of brilliance
 L - a potion of flight
Books
 n - a book of the Sky

   Spells                             Type                      Level
   a - Summon Lightning Spire         Summoning/Air                4
   b - Airstrike                      Air                          4
   c - Silence                        Hexes/Air                    5
   d - Deflect Missiles               Charms/Air                   6
   e - Conjure Ball Lightning         Conjuration/Air              6
   f - Tornado                        Air                          9
 z - a book of the Dragon

   Spells                             Type                      Level
   a - Flame Tongue                   Conjuration/Fire             1
   b - Cause Fear                     Hexes                        4
   c - Bolt of Fire                   Conjuration/Fire             6
   d - Dragon Form                    Transmutation                7
   e - Dragon's Call                  Summoning                    9
Miscellaneous
 P - a fan of gales (inert)
Comestibles
 j - 12 meat rations
 E - a beef jerky
 J - 13 bread rations
 K - 4 fruits


   Skills:
 + Level 9.3 Fighting
 - Level 11.2 Long Blades
 - Level 7.0 Armour
 - Level 3.8 Dodging
 + Level 8.7 Shields
 - Level 5.1 Evocations


You had 11 spell levels left.
You didn't know any spells.

Dungeon Overview and Level Annotations

Branches:
Dungeon (10/15)            Temple (0/1) D:7            Lair (4/8) D:10
    Orc (0/4) D:9
  Swamp: Lair:3-6    Shoals: Lair:3-6     Snake: Lair:3-6    Spider: Lair:3-6

Altars:
Dithmenos
Elyvilon
Fedhas
Kikubaaqudgha
Nemelex Xobeh
Okawaru
Vehumet
Zin

Shops:
D:8 [


Innate Abilities, Weirdness & Mutations

You have a pair of large horns on your head.
You are mostly covered in rough black scales (AC +7, Dex -2).
A demonic guardian rushes to your aid.
You are immune to rotting.
You have sharp fingernails.
You have sharp toenails.
You are very agile. (Dex +4)
You can translocate small distances at will.
You possess an exceptional clarity of mind.
Your mind is acute. (Int +2)
Your body sometimes deteriorates upon taking damage.
You are frail (-10% HP).
You are resistant to hostile enchantments.
You are resistant to electric shocks.


Message History

You feel clumsy. Something stings you.
* * * LOW HITPOINT WARNING * * *
You hit something but do no damage. Your headbutt misses something.
You feel you are being watched by something.
You feel your power leaking away.
Something hits you but does no damage. x2
Something stings you but does no damage.
Unknown command.
Drink which item? (? for menu, Esc to quit)
You feel much better. Something hits you.
* * * LOW HITPOINT WARNING * * *
Something hits you!
* * * LOW HITPOINT WARNING * * *
Your body deteriorates!
You feel weakened.
Something stings you but does no damage.
You closely miss something. You headbutt something!
Something barely misses you. Something hits you!
You die...
Xom yawns loudly!

#### #####..##
########
#.#.....###....#@#
.....?..##......##
..$......†......#
................#
P..P#...........#
...........P....#
.........$.....#.#
...........P..####
§(.......PPPP.#


There were no monsters in sight!

Vanquished Creatures
  Snorg (Lair:3)
  Pikel (D:9)
  A griffon (Lair:3)
  6 spiny frogs
  3 two-headed ogres
  Grinder (D:3)
  Prince Ribbit (D:5)
  4 blink frogs
  Sigmund (D:4)
  A wyvern (D:9)
  3 basilisks
  A hungry ghost (D:9)
  A spriggan (D:6)
  5 hippogriffs
  5 yaks
  5 porcupines
  A black bear (D:10)
  5 water moccasins
  A necrophage (D:8)
  4 orc warriors (D:9)
  3 phantoms
  2 centaurs (D:7)
  5 ogres
  2 big kobolds
  5 crocodiles
  7 giant frogs
  2 scorpions
  8 wights
  5 killer bees
  An electric eel (Lair:1)
  4 crimson imps
  A gnoll shaman (D:5)
  4 hounds
  5 jellies
  3 giant frog zombies
  Crazy Yiuf (D:3)
  3 orc priests
  5 worker ants
  2 centaur skeletons
  A giant frog skeleton (D:10)
  7 orc wizards
  A quasit (D:8)
  5 sheep (Lair:2)
  An iguana (Lair:3)
  A hound zombie (D:5)
  A worker ant zombie (D:10)
  10 adders
  8 gnolls
  34 river rats
  A shadow imp (D:9)
  2 oozes
  An adder zombie (D:4)
  5 worms
  8 giant geckos
  43 orcs
  3 ball pythons
  5 giant cockroaches
  14 hobgoblins
  7 jackals
  16 kobolds
  2 quokkas
  8 bats
  A giant gecko skeleton (D:4)
  5 giant newts
  10 goblins
  A quokka skeleton (D:4)
  A quokka zombie (D:8)
  14 rats
335 creatures vanquished.

Vanquished Creatures (collateral kills)
  2 hydras
  A death yak (Lair:4)
  An ugly thing (D:7)
  A black mamba (Lair:1)
  2 spiny frogs
  4 komodo dragons
  3 blink frogs
  6 yaks
  A basilisk (Lair:1)
  A water moccasin (Lair:4)
  Edmund (D:5)
  A warg (D:9)
  An orc warrior (D:9)
  A black bear (D:9)
  A phantom (D:3)
  An ogre (D:9)
  A giant frog (Lair:2)
  A wight (D:9)
  2 killer bees (D:8)
  A crimson imp (D:8)
  2 centaur skeletons
  An iguana (Lair:1)
  2 sheep (Lair:2)
  3 river rats (Lair:1)
  2 orcs (D:5)
  A butterfly (Lair:2)
44 creatures vanquished.

Vanquished Creatures (others)
  A yak (Lair:3)
  A giant frog (Lair:1)
  A plant (Lair:2)
3 creatures vanquished.

Grand Total: 382 creatures vanquished

Notes
Turn   | Place    | Note
--------------------------------------------------------------
     0 | D:1      | HAL9000 the Demonspawn Chaos Knight began the quest for the Orb.
     0 | D:1      | Reached XP level 1. HP: 18/18 MP: 1/1
    41 | D:1      | XOM: divination: magic mapping
   199 | D:1      | Gained mutation: You have a pair of small horns on your head. [demonic ancestry]
   199 | D:1      | Reached XP level 2. HP: 24/24 MP: 2/2
   707 | D:1      | Reached XP level 3. HP: 29/29 MP: 3/3
   783 | D:1      | XOM: divination: detect creatures
   827 | D:1      | XOM: mild Trmt miscast
   870 | D:1      | XOM: noise
   954 | D:2      | XOM: harmless Ice miscast
   985 | D:2      | XOM: smoke on damage
  1117 | D:1      | Reached skill level 4 in Long Blades
  1231 | D:2      | Found a shadowy altar of Dithmenos.
  1231 | D:2      | Found a sparkling altar of Nemelex Xobeh.
  1440 | D:1      | XOM: harmless Trmt miscast
  1708 | D:3      | XOM: mild Necr miscast
  1754 | D:3      | XOM: god gift: halberd {god gift}
  1878 | D:3      | Gained mutation: You are partially covered in rough black scales (AC +4, Dex -1). [demonic ancestry]
  1878 | D:3      | Reached XP level 4. HP: 20/35 MP: 4/4
  1960 | D:3      | XOM: summons 4 hostile shadow creatures
  2048 | D:3      | Found an ancient bone altar of Kikubaaqudgha.
  2060 | D:3      | XOM: potion effect (agility)
  2271 | D:3      | Reached skill level 5 in Long Blades
  2409 | D:3      | Noticed Grinder
  2413 | D:3      | XOM: potion effect (curing)
  2426 | D:3      | XOM: smoke on damage
  2437 | D:3      | XOM: noise
  2437 | D:3      | Killed Grinder
  2437 | D:3      | Gained mutation: You are immune to rotting. [demonic ancestry]
  2437 | D:3      | Reached XP level 5. HP: 3/41 MP: 5/5
  2437 | D:3      | Reached XP level 6. HP: 3/47 MP: 6/6
  2529 | D:3      | XOM: mild Hex miscast
  2717 | D:3      | XOM: mild Trmt miscast
  2933 | D:3      | XOM: enchant monster (bad)
  2945 | D:3      | Reached skill level 6 in Long Blades
  2977 | D:3      | XOM: mild Necr miscast
  3231 | D:3      | Noticed Crazy Yiuf
  3237 | D:3      | Killed Crazy Yiuf
  3341 | D:4      | Noticed Sigmund
  4060 | D:3      | XOM: chaos upgrade
  4224 | D:3      | XOM: give mutations
  4224 | D:3      | Gained mutation: You can translocate small distances at will. [Xom's grace]
  4224 | D:3      | Gained mutation: You passively map a small area around you. [Xom's grace]
  4226 | D:4      | XOM: god gift: 21 gold pieces
  4340 | D:3      | XOM: god gift: sack of spiders {god gift}
  4353 | D:3      | XOM: confusion
  4363 | D:3      | Reached XP level 7. HP: 34/52 MP: 7/7
  4433 | D:4      | XOM: medium Tloc miscast
  4825 | D:4      | Reached skill level 7 in Long Blades
  4832 | D:4      | XOM: harmless Hex miscast
  4939 | D:4      | XOM: give mutations
  4939 | D:4      | Gained mutation: You have an increased reservoir of magic (+10% MP). [Xom's grace]
  4939 | D:4      | Gained mutation: You have a pair of horns on your head. [Xom's grace]
  4939 | D:4      | Gained mutation: Your mind is acute. (Int +2) [Xom's grace]
  4939 | D:4      | Gained mutation: Your mind is very acute. (Int +4) [Xom's grace]
  5109 | D:4      | XOM: swap monsters
  5110 | D:4      | XOM: enchant monster (good)
  5139 | D:4      | Reached skill level 1 in Dodging
  5171 | D:4      | XOM: summons friendly white imp
  5172 | D:4      | Reached XP level 8. HP: 55/58 MP: 8/8
  5242 | D:4      | Killed Sigmund
  5242 | D:4      | Reached skill level 8 in Long Blades
  5255 | D:4      | Found a white marble altar of Elyvilon.
  5333 | D:4      | XOM: summons 4 hostile demons
  5371 | D:4      | XOM: polymorph spider -> golden eye
  5454 | D:5      | Entered Level 5 of the Dungeon
  5460 | D:5      | Noticed Prince Ribbit
  5463 | D:5      | XOM: cast spell 'Hydra Form'
  5486 | D:5      | Killed Prince Ribbit
  5486 | D:5      | Reached skill level 5 in Armour
  5716 | D:5      | Noticed Edmund
  5726 | D:5      | XOM: 1-stop teleportation journey
  5740 | D:5      | Killed Edmund
  5907 | D:5      | Found a glowing silver altar of Zin.
  6205 | D:5      | XOM: medium Conj miscast
  6299 | D:5      | XOM: silly message
  6326 | D:6      | Reached skill level 9 in Long Blades
  6507 | D:6      | XOM: colour smoke trail
  6605 | D:6      | XOM: noise
  6826 | D:7      | XOM: noise
  6832 | D:7      | XOM: butterfly on damage
  6834 | D:7      | Gained mutation: You have a pair of large horns on your head. [demonic ancestry]
  6834 | D:7      | Reached XP level 9. HP: 30/63 MP: 9/9
  6850 | D:6      | XOM: silly message
  6958 | D:6      | XOM: medium Conj miscast
  7156 | D:7      | XOM: harmless Fire miscast
  7260 | D:7      | Noticed a red ugly thing
  7266 | D:7      | XOM: potion effect (invisibility)
  7270 | D:7      | XOM: confusion (+ monsters)
  7273 | D:7      | XOM: noise
  7402 | D:6      | XOM: give mutations
  7402 | D:6      | Gained mutation: You have sharp toenails. [Xom's mischief]
  7402 | D:6      | Lost mutation: You passively map a small area around you. [Xom's mischief]
  7402 | D:6      | Gained mutation: Your body sometimes deteriorates upon taking damage. [Xom's mischief]
  7402 | D:6      | Gained mutation: You are frail (-10% HP). [Xom's mischief]
  7660 | D:7      | Killed a red ugly thing
  7660 | D:7      | Reached skill level 1 in Evocations
  7847 | D:7      | Found a staircase to the Ecumenical Temple.
  7887 | D:7      | XOM: summons 5 hostile shadow creatures
  8163 | D:7      | XOM: butterfly on damage
  8174 | D:7      | XOM: medium Erth miscast
  8420 | D:7      | XOM: stat loss: -1 Dex (12/12)
  8485 | D:7      | XOM: confusion
  8487 | D:7      | XOM: stat loss: -1 Dex (12/12)
  8641 | D:8      | Reached skill level 10 in Long Blades
  8656 | D:8      | XOM: god gift: 6 meat rations
  8660 | D:8      | XOM: polymorph kobold -> ball python
  8661 | D:8      | XOM: polymorph adder -> kobold
  8846 | D:8      | XOM: 8-stop teleportation journey
  8984 | D:8      | XOM: give mutations
  8984 | D:8      | Gained mutation: You have sharp fingernails. [Xom's grace]
  8984 | D:8      | Gained mutation: You are agile. (Dex +2) [Xom's grace]
  8984 | D:8      | Gained mutation: You are resistant to hostile enchantments. [Xom's grace]
  8984 | D:8      | Gained mutation: You evolve. [Xom's grace]
  9084 | D:8      | XOM: enchant monster (good)
  9112 | D:8      | XOM: 1-stop teleportation journey
  9113 | D:8      | Found Matsol's Armour Shoppe.
  9142 | D:8      | XOM: vitrification
  9187 | D:8      | Found a blossoming altar of Fedhas.
  9205 | D:8      | Gained mutation: A weak demonic guardian rushes to your aid. [demonic ancestry]
  9205 | D:8      | Reached XP level 10. HP: 7/63 MP: 13/13
  9290 | D:8      | XOM: god gift: cabochon ring {god gift}
  9477 | D:8      | Lost mutation: You evolve. [end of evolution]
  9656 | D:8      | XOM: vitrification
  9786 | D:8      | XOM: god gift: steaming gossamer ring {god gift}
  9787 | D:8      | Got a steaming gossamer ring {god gift}
  9793 | D:8      | Got a warped robe
  9804 | D:8      | Identified the +2 robe of the Onion {rF++ Slay-5} (You found it on level 8 of the Dungeon)
  9816 | D:8      | Identified the ring of Enwa {god gift, rPois rC- MR+ Int+5} (Xom gifted it to you on level 8 of the Dungeon)
 10162 | D:9      | Found a staircase to the Orcish Mines.
 10255 | D:9      | XOM: smoke on damage
 10422 | D:9      | XOM: harmless Pois miscast
 10439 | D:9      | Reached skill level 1 in Shields
 10452 | D:9      | XOM: vitrification
 10560 | D:8      | XOM: give mutations
 10560 | D:8      | Gained mutation: You are very agile. (Dex +4) [Xom's grace]
 10560 | D:8      | Gained mutation: You possess an exceptional clarity of mind. [Xom's grace]
 10560 | D:8      | Gained mutation: You are resistant to electric shocks. [Xom's grace]
 10844 | D:9      | XOM: enchant monster (good)
 11125 | D:9      | XOM: confuse monster(s)
 11134 | D:9      | XOM: divination: detect creatures
 11533 | D:9      | Found an iron altar of Okawaru.
 11744 | D:9      | Reached skill level 11 in Long Blades
 11779 | D:9      | Noticed Pikel
 11785 | D:9      | Killed Pikel
 11785 | D:9      | Reached skill level 5 in Evocations
 11884 | D:9      | XOM: divination: detect items
 11905 | D:9      | XOM: confuse monster(s)
 12002 | D:9      | Found a runed door.
 12033 | D:9      | Found a radiant altar of Vehumet.
 12139 | D:9      | XOM is BORED!
 12139 | D:9      | XOM: summons 5 hostile demons
 12209 | D:9      | XOM: harmless Hex miscast
 12535 | D:9      | XOM: harmless Fire miscast
 12538 | D:10     | Entered Level 10 of the Dungeon
 12612 | D:10     | XOM: summons friendly ufetubus
 12852 | D:9      | XOM: vitrification
 12980 | D:10     | Found a staircase to the Lair.
 13006 | D:10     | Noticed a purple ugly thing
 13037 | Lair:1   | Entered Level 1 of the Lair of Beasts
 13047 | Lair:1   | XOM: cast spell 'Dragon Form'
 13063 | Lair:1   | XOM: noise
 13080 | Lair:1   | XOM: god gift: 3 curare-tipped needles
 13123 | Lair:1   | Noticed a black mamba
 13130 | Lair:1   | Killed a black mamba
 13234 | Lair:1   | XOM: confuse monster(s)
 13372 | Lair:1   | Got a fine robe
 13383 | Lair:1   | Identified the +1 robe of Beyond {rPois rF- rC+++ MR+} (You found it on level 1 of the Lair of Beasts)
 13426 | Lair:1   | You fall through a shaft!
 13444 | Lair:2   | Reached skill level 5 in Fighting
 13444 | Lair:2   | Gained mutation: A demonic guardian rushes to your aid. [demonic ancestry]
 13444 | Lair:2   | Reached XP level 11. HP: 47/71 MP: 16/16
 13564 | Lair:2   | XOM: divination: detect creatures
 13567 | Lair:2   | XOM: confuse monster(s)
 13632 | Lair:2   | XOM: confuse monster(s)
 13635 | Lair:2   | Reached skill level 5 in Shields
 13896 | Lair:2   | XOM: confuse monster(s)
 13921 | Lair:2   | XOM: summons friendly quasit
 14250 | Lair:2   | Noticed a four-headed hydra
 14259 | Lair:2   | Killed a seven-headed hydra
 14622 | Lair:1   | XOM: blink monster(s)
 14630 | Lair:1   | XOM: smoke on damage
 14678 | Lair:1   | XOM: colour smoke trail
 14900 | Lair:1   | XOM: noise
 14976 | Lair:1   | XOM: medium Hex miscast
 15174 | Lair:1   | XOM: fog
 15187 | Lair:1   | XOM: polymorph blink frog -> ogre
 15719 | Lair:1   | XOM: god gift: 1420 gold pieces
 15905 | Lair:3   | Noticed Snorg
 15913 | Lair:3   | Killed Snorg
 16396 | Lair:3   | Noticed an eight-headed hydra
 16405 | Lair:3   | Killed a ten-headed hydra
 16625 | Lair:3   | XOM: enchant monster (good)
 16779 | Lair:3   | XOM: 1-stop teleportation journey
 16817 | Lair:3   | Gained mutation: You are mostly covered in rough black scales (AC +7, Dex -2). [demonic ancestry]
 16817 | Lair:3   | Reached XP level 12. HP: 71/84 MP: 17/17
 16901 | Lair:3   | XOM: vitrification
 17060 | Lair:3   | XOM: mild Fire miscast
 17144 | Lair:3   | XOM: give mutations
 17144 | Lair:3   | Lost mutation: Your mind is very acute. (Int +4) [Xom's mischief]
 17144 | Lair:3   | Lost mutation: You have an increased reservoir of magic (+10% MP). [Xom's mischief]
 17459 | Lair:3   | XOM: noise
 17480 | Lair:3   | XOM: harmless Conj miscast
 17757 | Lair:4   | XOM: polymorph death yak -> something unseen
 17761 | Lair:4   | XOM: 2-stop teleportation journey
 17771 | Lair:4   | XOM: smoke on damage
 17773 | Lair:4   | XOM: confuse monster(s)
 17776 | Lair:4   | XOM: enchant monster (bad)
 17779 | Lair:4   | XOM: god gift: 54 gold pieces
 17780 | Lair:4   | XOM: medium Chrm miscast
 17806 | Lair:4   | HP: 3/85 [something (2)]
 17809 | Lair:4   | Slain by a ghost moth

Vault maps used:
D:1:      saegor_arrival_under_anarchy
D:2:      grunt_temple_overflow_open
D:3:      kiku_gazebo_pond_becter, grunt_ministairs_2, uniq_grinder,
          uniq_crazy_yiuf_cottage
D:4:      nicolae_overflow_hidden_temple, uniq_sigmund
D:5:      overflow_temple_1_default, first_bread, uniq_edmund,
          uniq_prince_ribbit1
D:7:      corexii_shack_village, minmay_temple_entry_junction, the_bakery
D:8:      kennysheep_mini, serial_shops, shop
D:9:      nicolae_overflow_crystal_walls, david_orc_1_choice,
          kennysheep_small_spiral, minmay_st_funbox, okawaru_ov_weapons_minmay,
          uniq_pikel
D:10:     lair_0_dummy
Lair:1:   lemuel_old_faithful, infiniplex_staircase_pool
Lair:2:   lemuel_fruit_fields
Lair:3:   uniq_snorg
Lair:4:   uniq_sonja

Action                   |  1- 3 |  4- 6 |  7- 9 | 10-12 || total
-------------------------+-------+-------+-------+-------++-------
Melee: Falchion          |   122 |   199 |   273 |       ||   594
       Unarmed           |       |       |     5 |     7 ||    12
       Scimitar          |       |       |   221 |   663 ||   884
 Abil: Blink             |       |       |     1 |       ||     1
Evoke: Sack of spiders   |       |     1 |     4 |     9 ||    14
       Wand              |       |       |     2 |     4 ||     6
       Fan of gales      |       |       |       |     1 ||     1
  Use: Scroll            |       |     7 |     8 |     6 ||    21
       Potion            |       |     1 |     4 |     7 ||    12
 Stab: Sleeping          |     2 |       |     2 |     2 ||     6
       Paralysed         |       |     3 |     1 |     3 ||     7
       Confused          |       |       |     2 |     6 ||     8
       Distracted        |       |       |       |     5 ||     5
  Eat: Chunk             |     1 |     5 |    10 |    18 ||    34
       Bread ration      |     1 |       |       |     1 ||     2
       Fruit             |       |       |     3 |    10 ||    13
